 Dungeon Crawl Stone Soup version 0.26-a0-180-ge96aa7da28 (webtiles) character file.

Game seed: 7536102112414634840

0 Esekla the Skirmisher (level 1, -3/18 HPs)
             Began as a Formicid Abyssal Knight on July 3, 2020.
             Was a Follower of Lugonu.
             Killed from afar by a ynoxinul (21 damage)
             ... with an iron shot
             ... on level 3 of the Abyss.
             The game lasted 00:02:43 (222 turns).

Esekla the Skirmisher (Formicid Abyssal Knight)      Turns: 222, Time: 00:02:44

Health: -3/18      AC:  3    Str: 16    XL:     1   Next: 0%
Magic:  2/2        EV: 11    Int: 11    God:    Lugonu [*.....]
Gold:   25         SH:  0    Dex: 10    Spells: 0/0 levels left

rFire    . . .     SeeInvis +   a - +1 falchion
rCold    . . .     Faith    .   (no shield)
rNeg     . . .     Spirit   .   b - +0 leather armour
rPois    .         Reflect  .   (helmet unavailable)
rElec    .         Harm     .   (no cloak)
rCorr    .                      (no gloves)
MR       .....                  (no boots)
Stlth    +.........             (no amulet)
HPRegen  0.06/turn              (no ring)
MPRegen  0.08/turn              (no ring)

@: no status effects
A: permanent stasis, dig shafts and tunnels, four strong arms, antennae 3
a: Dig, Shaft Self, Depart the Abyss, Renounce Religion


You were on level 3 of the Abyss.
You worshipped Lugonu.
Lugonu was aware of your devotion.
You were not hungry.

You visited 0 branches of the dungeon, and saw 0 of its levels.
You visited the Abyss 1 time.

You collected 25 gold pieces.

Inventory:

Hand Weapons
 a - a +1 falchion (weapon)
Armour
 b - a +0 leather armour (worn)
 h - a +1 plate armour of cold resistance
Scrolls
 d - 3 scrolls of remove curse {unknown}
 e - 2 scrolls of identify {unknown}
Potions
 f - a potion of brilliance {unknown}
 g - a potion of might {unknown}
Comestibles
 c - 3 rations


   Skills:
 * Level 3.2 Fighting
 + Level 2.0 Long Blades
 + Level 2.1 Armour
 + Level 0.8 Dodging
 + Level 2.1 Invocations


You couldn't memorise any spells.
You didn't know any spells.
Your spell library was empty.

Dungeon Overview and Level Annotations

Branches:
Dungeon (0/15)

Altars:


Innate Abilities, Weirdness & Mutations

You cannot be hasted, slowed, berserked, paralysed or teleported.
You can dig through walls and to a lower floor.
Your four strong arms can wield two-handed weapons with a shield.
You have a pair of large antennae on your head. (SInv)


Message History

An efreet comes into view.
It is wielding a +1 scimitar of flaming.
The crimson imp blinks!
Found a gateway leading deeper into the Abyss.
There is a gateway leading deeper into the Abyss here.
You plunge deeper into the Abyss.
The abyssal rune of Zot can be found at this depth.
Beware, you cannot shaft yourself on this level.
Found a ration.
Found 27 stones.
c - 3 rations (gained 1)
Found a glowing helmet.
You see here a glowing helmet.
You feel yourself growing ill in the presence of the ancient zyme.
A ynoxinul comes into view.
Found a runed arbalest.
The ynoxinul bellows!
The ynoxinul gestures at you. The iron shot hits you!!
Ouch! That really hurt!
You die...

.# .#. ### #.. #.## ...
## . . #..## ....#...#
###.. #... #3###.#.# ..#
# #..##..# #.#.. ..#
#..#..### #..### #
#.####.#.##..## .####x
...)...@.##..[####.
.#.ยง
#...###.#..##.{##.#.#.#.
# ###.....#x.#..#...
...##......#.#.#.
##...#####.##. .. .#.
#..##...# .#. ..
##....##. . #. . .#..


You could see a ynoxinul.

Vanquished Creatures (others)
  4 starspawn tentacles (Abyss:2)
4 creatures vanquished.

Notes
Turn   | Place    | Note
-------+----------+-------------------------------------------
     0 | Abyss:1  | Esekla the Formicid Abyssal Knight began the quest for the
                  | Orb.
     0 | Abyss:1  | Reached XP level 1. HP: 18/18 MP: 2/2
   140 | Abyss:2  | Noticed a tentacled starspawn
   150 | Abyss:2  | Noticed a crimson imp
   168 | Abyss:2  | Noticed an efreet
   209 | Abyss:3  | Noticed an ancient zyme
   221 | Abyss:3  | Noticed a ynoxinul
   222 | Abyss:3  | Killed from afar by a ynoxinul

Illustrated notes

Levels and vault maps discovered:
Abyss:3:  nicolae_abyss_rune_left_handed, hangedman_decor_points, minivault_19,
          hangedman_decor_points

Action                   || total
-------------------------++-------
Melee: Falchion          ||     1
Dodge: Dodged            ||     1
       Rpst.: Falchion   ||     1

Table legend:
 A = Non-vault XP
 B = Vault XP
 C = Vault XP percentage of total XP
 D = Non-vault monster count
 E = Vault monster count
 F = Vault count percentage of total count
                 A         B        C        D         E       F
            +---------+---------+-------+---------+---------+-------
      Total |       0 |       0 |   N/A |       0 |       0 |  -nan
            +---------+---------+-------+---------+---------+-------
            +---------+---------+-------+---------+---------+-------
